 Dungeon Crawl Stone Soup version 0.30.0 (webtiles) character file.

Game seed: 7707476540361660847

1739 Exaltedone87 the Cudgeller (level 8, 0/67 HPs)
             Began as a Demonspawn Gladiator on May 6, 2023.
             Slain by a gnoll bouda
             ... wielding a +2 rapier of freezing
              (9 damage)
             ... on level 5 of the Dungeon.
             The game lasted 00:12:43 (6331 turns).

Exaltedone87 the Cudgeller (Demonspawn Gladiator)   Turns: 6331, Time: 00:12:43

Health: 0/67       AC: 12    Str: 16    XL:     8   Next: 77%
Magic:  0/8        EV:  9    Int: 11    God:
Gold:   301        SH:  0    Dex: 14    Spells: 7/7 levels left

rFire   + + +        a - +1 flail (venom)
rCold   . . .        (no shield)
rNeg    . . .        k - +0 chain mail
rPois   .            c - +0 helmet
rElec   +            (no cloak)
rCorr   .            p - +0 pair of gloves
SInv    .            (no boots)
Will    +....        (no amulet) Stlth
                     f - ring of protection from fire
HPRegen 0.31/turn    o - ring "Cuumabo" {Fly rElec rF++ Will+}
MPRegen 0.22/turn

%: guardian spirit
@: about to teleport, flying, studying Polearms, invisible
A: rugged brown scales 2, demonic guardian 1, magic shield, magic regeneration
a: no special abilities


You were on level 5 of the Dungeon.
You visited 2 branches of the dungeon, and saw 7 of its levels.
You also visited: Sewer.

You collected 301 gold pieces.

Inventory:

Hand Weapons
 a - a +1 flail of venom (weapon)
Missiles
 d - 3 throwing nets (quivered)
 e - 4 javelins
Armour
 c - a +0 helmet (worn)
 k - a +0 chain mail (worn)
 p - a +0 pair of gloves (worn)
Jewellery
 f - a ring of protection from fire (left hand)
 o - the ring "Cuumabo" (right hand) {Fly rElec rF++ Will+}
   (You found it on level 3 of the Dungeon)

   [ring of willpower]

   rF:        It greatly protects you from fire.
   rElec:     It insulates you from electricity.
   Fly:       It grants you flight.
   Will:      It increases your willpower.
Scrolls
 q - 3 scrolls of identify
 s - a scroll of blinking
 v - a scroll of immolation {unknown}
Potions
 b - a potion of lignification {unknown}
 g - 4 potions of might
 i - 2 potions of ambrosia
 j - 2 potions of berserk rage
 l - a potion of curing
 m - a potion of flight
 n - a potion of brilliance
 t - a potion of degeneration {unknown}


   Skills:
 + Level 5.9 Fighting
 * Level 7.8 Maces & Flails
 - Level 1.7 Throwing
 + Level 1.5 Armour
 - Level 5.4 Dodging


You had 7 spell levels left.
You didn't know any spells.
Your spell library contained the following spells:

 Spells                   Type           Power      Damage    Failure   Level
 Slow                     Hex            0%         N/A       99%         1
 Cigotuvi's Dreadful Rot  Necr/Pois/Air  0%         N/A       100%        2
 Confusing Touch          Hex            0%         N/A       100%        3
 Gell's Gravitas          Tloc           0%         N/A       100%        3
 Ignite Poison            Fire/Tmut/Pois 0%         N/A       100%        3
 Ozocubu's Armour         Ice            0%         N/A       100%        3
 Teleport Other           Tloc           0%         N/A       100%        3
 Vampiric Draining        Necr           0%         2d6       100%        3
 Freezing Cloud           Conj/Ice/Air   0%         6-21      100%        5
 Metabolic Englaciation   Hex/Ice        0%         N/A       100%        5
 Dispersal                Tloc           0%         N/A       100%        6
 Simulacrum               Ice/Necr       0%         N/A       100%        6


Dungeon Overview and Level Annotations

Branches:
Dungeon (6/15)             Temple (1/1) D:5           Sewer (visited)

Altars:
Ashenzari
Cheibriados
Dithmenos
Fedhas
Hepliaklqana
Kikubaaqudgha
Nemelex Xobeh
Okawaru
Qazlal
Ru
Sif Muna
Trog
Uskayaw
Vehumet
Wu Jian
Yredelemnul


Innate Abilities, Weirdness & Mutations

You are mostly covered in rugged brown scales. (AC +2, +5% HP)
A weak demonic guardian rushes to your aid.
When hurt, damage is shared between your health and your magic reserves.
You regenerate magic rapidly.


Message History

You hit the gnoll but do no damage.
The gnoll is poisoned.
The gnoll hits you with a +0 halberd.
The gnoll throws a stone.
The stone hits you.
You closely miss the gnoll.
The gnoll is moderately wounded.
The gnoll hits you with a +0 halberd. The gnoll hits you but does no damage.
Unknown command.
Unknown command.
The gnoll completely misses you.
The gnoll bouda hits you with a +2 rapier of freezing.
The gnoll bouda freezes you.
You hit the gnoll.
The gnoll is poisoned.
The gnoll is lightly wounded.
The gnoll barely misses you.
The gnoll hits you but does no damage. x2
The gnoll barely misses you.
The gnoll bouda calls upon its god to heal the gnoll.
The gnoll's wounds heal themselves!
There are monsters nearby!
The gnoll barely misses you. The gnoll hits you but does no damage.
The gnoll bouda attacks as you move away!
The gnoll bouda hits you with a +2 rapier of freezing!
The gnoll bouda freezes you. The gnoll attacks as you move away!
The gnoll hits you but does no damage.
The gnoll hits you from afar with a +0 halberd!
The gnoll hits you with a +0 whip.
* * * LOW HITPOINT WARNING * * *
The gnoll hits you from afar with a +0 halberd!
* * * LOW HITPOINT WARNING * * *
A demonic guardian appears!
You fade into invisibility!
The gnoll hits you but does no damage.
The gnoll throws a throwing net.
The throwing net closely misses the gnoll bouda.
The throwing net barely misses you.
The gnoll throws a stone.
The stone hits the gnoll.
The gnoll bouda hits you but does no damage.
As you read the scroll of teleportation, it crumbles to dust.
You feel strangely unstable.
The gnoll is no longer moving quickly.
The gnoll barely misses you. The gnoll closely misses you.
The gnoll bouda hits you with a +2 rapier of freezing!
You die...

#.##..###..##.# #... #.
##..#..###)# ## #...
#..##.....##..####.# #..#
................#.. .####.#.
)##.........##................
##..._...####.#...#.######..
#.......gg##..# .## ##.
..........g.g5..##.# ##
#..##.....##g@.....# # #.#
#..#..###.###### # #. #..###..
#.# # ... #.....# # #...
.....## # .. .. # .. # #.. # #


You could see a gnoll bouda (unable to see you), 4 gnolls and a friendly
ufetubus (summoned).

Vanquished Creatures
  A hornet (D:5)
  Menkaure (D:5)
  2 phantoms (D:5)
  A centaur (D:5)
  A bullfrog (D:6)
  Blork the orc (D:5)
  6 scorpions
  A hound (D:5)
  2 jellies
  2 gnoll boudas (D:5)
  3 orc priests (D:5)
  An iguana (D:5)
  2 orc wizards (D:5)
  4 gnolls (D:5)
  18 adders
  6 river rats (Sewer)
  A shadow imp (D:5)
  2 ufetubi (D:5)
  2 worms (D:2)
  2 dart slugs
  5 orcs
  5 ball pythons
  9 endoplasms
  2 giant cockroaches
  8 goblins
  12 hobgoblins
  2 jackals (D:2)
  4 kobolds
  3 quokkas
  8 bats
  11 frilled lizards
  9 rats
137 creatures vanquished.

Vanquished Creatures (collateral kills)
  A hound (D:5)
  An adder (D:6)
2 creatures vanquished.

Grand Total: 139 creatures vanquished

Notes
Turn   | Place    | Note
-------+----------+-------------------------------------------
     0 | D:1      | Exaltedone87 the Demonspawn Gladiator began the quest for
                  | the Orb.
     0 | D:1      | Reached XP level 1. HP: 16/16 MP: 1/1
   198 | D:1      | Reached skill level 3 in Maces & Flails
   292 | D:1      | Gained mutation: You are partially covered in rugged brown
                  | scales. (AC +1, +3% HP) [demonic ancestry]
   292 | D:1      | Reached XP level 2. HP: 16/22 MP: 2/2
  1071 | D:1      | Gained mutation: You are mostly covered in rugged brown
                  | scales. (AC +2, +5% HP) [demonic ancestry]
  1071 | D:1      | Reached XP level 3. HP: 23/29 MP: 3/3
  1902 | D:2      | Noticed a scorpion
  1918 | D:2      | Killed a scorpion
  1919 | D:2      | Reached skill level 4 in Maces & Flails
  1919 | D:2      | Gained mutation: You regenerate magic rapidly. [demonic
                  | ancestry]
  1919 | D:2      | Reached XP level 4. HP: 29/36 MP: 4/4
  2497 | D:3      | Found a radiant altar of Vehumet.
  2498 | D:3      | Found a hazy altar of Hepliaklqana.
  2499 | D:3      | Found an ancient bone altar of Kikubaaqudgha.
  2499 | D:3      | Found a bloodstained altar of Trog.
  2546 | D:3      | Identified the ring "Cuumabo" {Fly rElec rF++ Will+}
  2588 | D:3      | Reached XP level 5. HP: 42/43 MP: 5/5
  2942 | D:3      | Found a faded altar of an unknown god.
  3248 | D:4      | Found a glowing drain.
  3259 | Sewer    | Entered a sewer
  3492 | Sewer    | Gained mutation: A weak demonic guardian rushes to your
                  | aid. [demonic ancestry]
  3492 | Sewer    | Reached XP level 6. HP: 49/49 MP: 6/6
  3763 | D:4      | Reached skill level 5 in Maces & Flails
  4046 | D:4      | Reached XP level 7. HP: 32/56 MP: 7/7
  4528 | D:5      | Entered Level 5 of the Dungeon
  4630 | D:5      | Found a shadowy altar of Dithmenos.
  4634 | D:5      | You are sucked into a shaft and drop 1 floor!
  4814 | D:6      | Found a shimmering blue altar of Sif Muna.
  4864 | D:5      | Reached skill level 6 in Maces & Flails
  4948 | D:5      | Found a snail-covered altar of Cheibriados.
  5313 | D:5      | Noticed Menkaure
  5321 | D:5      | Killed Menkaure
  5322 | D:5      | Reached skill level 5 in Dodging
  5452 | D:5      | Gained mutation: When hurt, damage is shared between your
                  | health and your magic reserves. [demonic ancestry]
  5452 | D:5      | Reached XP level 8. HP: 63/64 MP: 8/8
  5476 | D:5      | Noticed a hornet
  5485 | D:5      | Reached skill level 5 in Fighting
  5488 | D:5      | Killed a hornet
  5489 | D:5      | Reached skill level 7 in Maces & Flails
  5627 | D:5      | Noticed Blork the orc
  5647 | D:5      | Killed Blork the orc
  5969 | D:5      | Reached skill level 1 in Armour
  6216 | D:5      | Found a staircase to the Ecumenical Temple.
  6224 | Temple   | Entered the Ecumenical Temple
  6331 | D:5      | Slain by a gnoll bouda

Illustrated notes

Levels and vault maps discovered:
D:1:      evilmike_arrival_crescent, layout_basic, patterned_corridor
D:2:      layout_loops_corners, minmay_goblin_outpost
D:3:      layout_loops_ring, mainiacjoe_overflow_alcove_3,
          chequers_ecumenical_altar_simple_redux
D:4:      layout_cave_pods, portal_sewer_entry_d, minmay_unequal
D:5:      layout_loops_corners, marbit_many_paths, lemuel_doored_altar,
          nicolae_dithmenos_shadow_blocks, minmay_temple_entry_trees,
          st_stairs_12, minmay_manual_moon, uniq_menkaure, uniq_blork_the_orc
D:6:      layout_basic, mainiacjoe_overflow_boulevard,
          mainiacjoe_overflow_tiny_flanked, serial_shops,
          nicolae_shop_overgrown_old_shop
Temple:   nicolae_temple_ecumenical_triangle

Skill      XL: |  1  2  3  4  5  6  7  8 |
---------------+-------------------------+-----
Maces & Flails | 3 4 5 6 7 |  7.8
Dodging        | 3 4 5 |  5.4
Fighting       | 3 4 5 |  5.9
Armour         | 1 |  1.5
Throwing       | |  1.7

Action                     |  1- 3 |  4- 6 |  7- 9 || total
---------------------------+-------+-------+-------++-------
  Melee: Flail             |   139 |   154 |   178 ||   471
         Punch             |     2 |     2 |     2 ||     6
    Use: Scroll            |     4 |     8 |     3 ||    15
         Potion            |       |     1 |     3 ||     4
   Stab: Sleeping          |     1 |       |       ||     1
         Distracted        |       |       |     1 ||     1
 Armour: Leather armour    |    67 |     9 |       ||    76
         Chain mail        |       |    74 |   126 ||   200
  Dodge: Dodged            |   125 |    73 |    95 ||   293
